 Dungeon Crawl Stone Soup version 0.31-a0-920-g28cbb04a8c (webtiles) character file.

Game seed: 3005753936317093327

5824 p00ps00p the Cleaver (level 10, -4/74 HPs)
             Began as a Hill Orc Fighter on Oct 17, 2023.
             Was an Initiate of Gozag.
             Slain by a raiju (7 damage)
             ... on level 2 of the Abyss.
             The game lasted 00:23:54 (12841 turns).

p00ps00p the Cleaver (Hill Orc Fighter)            Turns: 12841, Time: 00:23:55

Health: -4/74      AC: 10    Str: 31    XL:     10   Next: 80%
Magic:  2/2        EV: 10    Int: 10    God:    Gozag
Gold:   445        SH:  6    Dex:  6    Spells: 9/9 levels left

rFire   + . .        i - +3 hand axe (antimagic)
rCold   . . .        c - +1 buckler
rNeg    + . .        F - +0 ring mail of Impatience {Str+4 Int+2}
rPois   +            H - +0 helmet
rElec   .            f - +0 cloak
rCorr   .            J - +0 pair of gloves of Loss {Rampage rPois rF+ Str+3}
SInv    +            m - +0 pair of boots
Will    .....        v - amulet of magic regeneration Stlth
                     u - ring of see invisible
HPRegen 0.00/turn    d - ring of positive energy
MPRegen 0.48/turn

%: rampage
@: gold aura, inhibited regen
A: inhibited regeneration, [clumsy 2], [deformed body], [frail 2], [low MP 3],
[screaming 2], ([teleportitis 2]), [subdued magic 3], [inability to drink after
injury 2]
a: Renounce Religion, Potion Petition, Call Merchant, Bribe Branch


You were on level 2 of the Abyss.
You worshipped Gozag.
Gozag was aware of your devotion.
You visited 2 branches of the dungeon, and saw 10 of its levels.
You visited the Abyss 1 time.
You also visited: Sewer.

You collected 872 gold pieces.
You spent 319 gold pieces at shops.
You paid 108 gold pieces to Gozag.

Inventory:

Hand Weapons
 a - a +1 war axe
 i - a +3 antimagic hand axe (weapon)
Missiles
 h - 6 atropa-tipped darts
 o - 4 throwing nets
 A - a curare-tipped dart
 B - 14 poisoned darts
Armour
 c - a +1 buckler (worn)
 f - a +0 cloak (worn)
 m - a +0 pair of boots (worn)
 y - a +1 leather armour of poison resistance
 z - a +1 ring mail of fire resistance
 F - the +0 ring mail of Impatience (worn) {Str+4 Int+2}
   (You found it on level 7 of the Dungeon)

   Str+4:     It affects your strength (+4).
   Int+2:     It affects your intelligence (+2).
 H - a +0 helmet (worn)
 J - the +0 pair of gloves of Loss (worn) {Rampage rPois rF+ Str+3}
   (You bought it in a shop on level 5 of the Dungeon)

   Str+3:     It affects your strength (+3).
   rF+:       It protects you from fire.
   rPois:     It protects you from poison Rampage: It bestows one free step when
   moving towards enemies.
Jewellery
 d - a ring of positive energy (right hand)
 e - a ring of flight
 l - a ring of magical power
 u - a ring of see invisible (left hand)
 v - an amulet of magic regeneration (around neck)
 I - a ring of magical power
Wands
 G - a wand of iceblast (5)
Scrolls
 b - a scroll of amnesia
 j - a scroll of butterflies
 p - a scroll of identify
 w - 2 scrolls of enchant armour
Potions
 g - 5 potions of degeneration
 k - a potion of ambrosia {unknown}
 n - a potion of curing
 q - a potion of magic
 s - a potion of attraction
 t - a potion of mutation {unknown}
 x - a potion of lignification {unknown}
 D - 3 potions of brilliance {unknown}
 E - 2 potions of haste


   Skills:
 + Level 10.2 Fighting
 + Level 10.7 Axes
 + Level 9.4 Armour
 + Level 9.3 Shields


You had 9 spell levels left.
You didn't know any spells.
Your spell library contained the following spells:

 Spells                   Type           Power      Damage    Failure   Level
 Apportation              Tloc           0%         N/A       36%         1
 Necrotise                Necr           0%         1d4       36%         1
 Sting                    Tmut/Pois      0%         1d3       36%         1
 Summon Small Mammal      Summ           0%         N/A       36%         1
 Poisonous Vapours        Pois/Air       0%         N/A       50%         2
 Call Canine Familiar     Summ           0%         N/A       77%         3
 Ozocubu's Armour         Ice            0%         N/A       77%         3
 Sigil of Binding         Hex            0%         N/A       77%         3
 Dimensional Bullseye     Hex/Tloc       0%         N/A       99%         4
 Leda's Liquefaction      Hex/Erth       0%         N/A       99%         4
 Manifold Assault         Tloc           0%         N/A       99%         4
 Olgreb's Toxic Radiance  Pois           0%         N/A       99%         4
 Vhi's Electric Charge    Tloc/Air       0%         N/A       99%         4
 Arcjolt                  Conj/Air       0%         1d10      100%        5
 Dispersal                Tloc           0%         N/A       100%        6
 Plasma Beam              Fire/Air       0%         2x1d10    100%        6
 Ozocubu's Refrigeration  Ice            0%         4d7       100%        7
 Disjunction              Tloc           0%         N/A       100%        8


Dungeon Overview and Level Annotations

Branches:
Dungeon (9/15)             Temple (1/1) D:7            Lair (0/5) D:8
  Sewer (visited)
    Orc: D:9-12

Altars:
Ashenzari
Cheibriados
Dithmenos
Elyvilon
Fedhas
Gozag
Hepliaklqana
Kikubaaqudgha
Makhleb
Nemelex Xobeh
Okawaru
Qazlal
Ru
Sif Muna
Trog
Uskayaw
Vehumet
Wu Jian
Xom
Yredelemnul
Zin
The Shining One

Shops:
D:5 [

Annotations:
D:8 Joseph


Innate Abilities, Weirdness & Mutations

You do not regenerate when monsters are visible.
[You are very clumsy. (Dex -4)]
[Armour fits poorly on your strangely shaped body.]
[You are very frail. (-20% HP)]
[Your magical capacity is extremely low. (-30% MP)]
[You frequently scream uncontrollably at your foes.]
[((You are often teleported next to monsters.))]
[Your spells are much easier to cast, but much less powerful.]
[You sometimes lose the ability to drink potions when taking damage.]


Message History

The wretched star is moderately damaged.
You hit the raiju.
The raiju's magic leaks into the air.
The wretched star falters for a moment.
The raiju bursts into living lightning!
The living lightning misses you.
The raiju blinks!
The raiju bursts into living lightning!
The living lightning hits the raiju.
The raiju completely resists.
The living lightning hits you.
The living lightning hits the raiju.
The raiju completely resists.
The raiju blinks! x4
You closely miss the wretched star.
The wretched star is moderately damaged.
You slash the raiju!
The raiju's magic leaks into the air.
You hit the raiju but do no damage. The raiju bites you! The raiju shocks you!
The raiju barely misses you.
Unknown command.
You hit the wretched star but do no damage.
The wretched star is moderately damaged.
You hit the large abomination. You barely miss the raiju.
You closely miss the raiju. The raiju bites you. The raiju shocks you!
* * * LOW HITPOINT WARNING * * *
The raiju misses you.
Unknown command.
You hit the wretched star but do no damage.
The wretched star is moderately damaged.
You miss the raiju. x2
You hit the large abomination but do no damage.
The large abomination hits you.
* * * LOW HITPOINT WARNING * * *
The wretched star pulses with an eldritch light!
You feel less energetic.
Unknown command.
You hit the wretched star but do no damage.
The wretched star is moderately damaged.
You hit the raiju.
The raiju's magic leaks into the air.
You hit the raiju.
The raiju's magic leaks into the air.
You hit the large abomination.
The raiju falters for a moment.
The raiju bites you!
* * * LOW HITPOINT WARNING * * *
The raiju shocks you!
You die...
Your body crumbles into a pile of gold.

#. #.
..#..##...
~..#~≈ ≈ ~ ##
.#≈~~ ~ ~ #..
.~.#.#~#
#..#...#.~~.
#.##h#X#.~~~#
#.
.##@h≈#..~≈#
# .#.##*h..#
#.... .#.#..#
#.. #
#.#..#..# #
.*...#.. #
#..##.####.
#..# ## # #.
.# ....#.


You could see a wretched star (magic disrupted), a large abomination and 3
raiju.

Vanquished Creatures
  Grinder (D:4)
  Sigmund (D:5)
  A ynoxinul (Abyss:2)
  12 yaks (D:9)
  A steam dragon (D:9)
  A golden eye (shapeshifter) (Abyss:2)
  A sky beast (D:7)
  Pargi (Sewer)
  2 orc warriors (D:8)
  A black bear (D:2)
  An ice beast (D:6)
  3 ogres
  A centaur (D:8)
  A phantom (D:4)
  2 kobold brigands
  5 bullfrogs
  A gnoll sergeant (D:8)
  3 scorpions
  12 wights
  2 howler monkeys
  5 hounds
  3 jellies
  3 orc priests
  Crazy Yiuf (D:2)
  A gnoll bouda (D:6)
  2 iguanas
  5 orc wizards
  14 adders
  11 gnolls
  A river rat (D:4)
  A shadow imp (D:5)
  A white imp (D:5)
  2 ufetubi (D:3)
  2 worms
  A dart slug (D:4)
  18 orcs
  6 bats
  7 endoplasms
  6 giant cockroaches
  6 goblins
  5 hobgoblins
  9 jackals
  4 quokkas
  13 ball pythons
  12 frilled lizards
  20 kobolds
  7 rats
219 creatures vanquished.

Vanquished Creatures (others)
  A howler monkey (D:7)
1 creature vanquished.

Grand Total: 220 creatures vanquished

Notes
Turn   | Place    | Note
-------+----------+-------------------------------------------
     0 | D:1      | p00ps00p the Hill Orc Fighter began the quest for the Orb.
     0 | D:1      | Reached XP level 1. HP: 19/19 MP: 1/1
    57 | D:1      | HP: 1/20 [poisoned by a goblin]
   799 | D:1      | Reached XP level 2. HP: 24/27 MP: 2/2
   941 | D:1      | Found a faded altar of an unknown god.
  1453 | D:1      | Reached XP level 3. HP: 25/33 MP: 3/3
  1721 | D:2      | Noticed a black bear
  1735 | D:2      | Killed a black bear
  1736 | D:2      | Reached XP level 4. HP: 31/41 MP: 4/4
  1736 | D:2      | Reached XP level 5. HP: 35/47 MP: 5/5
  2090 | D:2      | Found a runed translucent door.
  2091 | D:2      | Noticed Crazy Yiuf
  2532 | D:2      | Killed Crazy Yiuf
  2770 | D:3      | Reached skill level 5 in Fighting
  2784 | D:3      | Reached XP level 6. HP: 31/56 MP: 6/6
  3037 | D:3      | Noticed a +0 short sword
  3039 | D:3      | Noticed a +0 spear
  3039 | D:3      | Noticed a +0 spear
  3040 | D:3      | Noticed a +0 falchion
  3041 | D:3      | Noticed a +0 dagger
  3042 | D:3      | Noticed a +0 falchion
  3042 | D:3      | Noticed a +0 dagger
  3143 | D:3      | Noticed a +0 short sword
  3606 | D:3      | Found a hide-covered altar of Uskayaw.
  3719 | D:4      | Reached skill level 5 in Axes
  3823 | D:4      | Identified the +5 leather armour of the Catamount {Harm
                  | rCorr MP-9 Dex-2}
  3895 | D:4      | Reached skill level 5 in Armour
  3895 | D:4      | Reached skill level 5 in Shields
  3895 | D:4      | Reached XP level 7. HP: 43/61 MP: 7/7
  4044 | D:4      | Found a glowing drain.
  4049 | Sewer    | Entered a sewer
  4143 | Sewer    | Noticed Pargi
  4153 | Sewer    | Killed Pargi
  4627 | D:4      | Noticed Grinder
  4633 | D:4      | Paralysed by Grinder for 4 turns
  4644 | D:4      | Killed Grinder
  4645 | D:4      | Reached XP level 8. HP: 52/71 MP: 8/8
  4842 | D:5      | Entered Level 5 of the Dungeon
  4963 | D:5      | Noticed Sigmund
  4973 | D:5      | Killed Sigmund
  5210 | D:5      | HP: 2/73 [ogre/+0 giant spiked club (28)]
  5219 | D:5      | HP: 3/73 [ogre/+0 giant spiked club (16)]
  5561 | D:5      | Found Vasita's Armour Boutique.
  6498 | D:6      | Reached XP level 9. HP: 65/80 MP: 3/9
  7817 | D:7      | Found a staircase to the Ecumenical Temple.
  7826 | Temple   | Entered the Ecumenical Temple
  7862 | Temple   | Became a worshipper of Gozag Ym Sagoz the Greedy
  8441 | D:7      | Identified the +0 ring mail of Impatience {Str+4 Int+2}
  8782 | D:8      | HP: 2/82 [orc warrior/+0 short sword (6)]
  9421 | D:8      | Noticed Joseph
  9954 | D:8      | Found a glowing golden altar of the Shining One.
 10498 | D:8      | Found a staircase to the Lair.
 10518 | D:8      | Found an ancient bone altar of Kikubaaqudgha.
 10543 | D:8      | Reached XP level 10. HP: 8/88 MP: 3/10
 11208 | D:5      | Bought the +0 pair of gloves of Loss {Rampage rPois rF+
                  | Str+3} for 319 gold pieces
 11861 | D:9      | Reached skill level 10 in Axes
 12347 | D:9      | Reached skill level 10 in Fighting
 12593 | Abyss:2  | Cast into level 2 of the Abyss (gnoll sergeant)
 12600 | Abyss:2  | Noticed a tentacled starspawn
 12600 | Abyss:2  | Found a corrupted altar of Lugonu.
 12654 | Abyss:2  | Found a corrupted altar of Lugonu.
 12656 | Abyss:2  | Found a corrupted altar of Lugonu.
 12656 | Abyss:2  | Noticed a wretched star
 12656 | Abyss:2  | Found a corrupted altar of Lugonu.
 12658 | Abyss:2  | Noticed a cacodemon
 12674 | Abyss:2  | Gained mutation: You do not regenerate when monsters are
                  | visible. [a cacodemon]
 12681 | Abyss:2  | Found a corrupted altar of Lugonu.
 12681 | Abyss:2  | Noticed a bone dragon
 12694 | Abyss:2  | Found a corrupted altar of Lugonu.
 12830 | Abyss:2  | Noticed a large abomination
 12841 | Abyss:2  | HP: 3/74 [raiju (8)]
 12841 | Abyss:2  | Slain by a raiju

Illustrated notes

Levels and vault maps discovered:
D:1:      minmay_arrival_radiant_lines, layout_basic,
          shapermc_ecumenical_altar_ellora, grunt_decor_fettered,
          nicolae_figureground_pulse
D:2:      layout_basic, minivault_11, minmay_lizard_pond,
          uniq_crazy_yiuf_cottage
D:3:      layout_basic, nicolae_uskayaw_en_pointe
D:4:      layout_loops_ring, gup_sewer_entry_bowl, uniq_grinder
D:5:      layout_basic, serial_shops, shop_statue, uniq_sigmund
D:6:      layout_loops_cross
D:7:      layout_loops_cross, lemuel_temple_firewalk_a
D:8:      layout_basic, kiku_gazebo_garden_becter,
          mainiacjoe_overflow_boulevard, lair_entry_dummy, fungi_pond_lemuel,
          hangedman_decor_clover_reticule, uniq_joseph
D:9:      layout_gridville, serial_glass, glass_columns_c, glass_columns_c,
          glass_columns_c, glass_columns_c, glass_columns_a, glass_columns_b,
          minmay_misc_feat_plants
Temple:   compressed_dpeg_triangle_lava_temple
Abyss:2:  base: Temple, evilmike_abyss_exit_17

Skill      XL: |  1  2  3  4  5  6  7  8  9 10 |
---------------+-------------------------------+-----
Axes           | 3 4 5 6 7 9 10 | 10.7
Fighting       | 4 5 6 7 9 10 | 10.2
Armour         | 4 5 7 8 9 |  9.4
Shields        | 4 5 7 8 9 |  9.3

Action                     |  1- 3 |  4- 6 |  7- 9 | 10-12 || total
---------------------------+-------+-------+-------+-------++-------
  Melee: War axe           |    89 |   154 |    89 |       ||   332
         Hand axe          |       |       |   375 |   123 ||   498
  Evoke: Wand              |       |       |       |     8 ||     8
    Use: Scroll            |     3 |    13 |     9 |     5 ||    30
         Potion            |     1 |     3 |     6 |     1 ||    11
 Armour: Scale mail        |    79 |   129 |   106 |       ||   314
         Chain mail        |       |       |    80 |       ||    80
         Ring mail         |       |       |   105 |    85 ||   190
  Dodge: Dodged            |    47 |    76 |   166 |    45 ||   334
  Block: Buckler           |    28 |    40 |   128 |    35 ||   231

Table legend: (Time is in decaauts)
 A = Elapsed time spent in this place.
 B = Non-inter-level travel time spent in this place.
 C = Inter-level travel time spent in this place.
 D = Time resting spent in this place.
 E = Time spent auto-exploring this place.
 F = Levels seen in this place.
 G = Mean time per level.
                   A        B        C        D        E       F      G
               +--------+--------+--------+--------+--------+-----+--------+
         Total |  12910 |  11856 |   1054 |   3208 |   6228 |  12 | 1075.8 |
       Dungeon |  12355 |  11317 |   1038 |   3087 |   6058 |   9 | 1372.8 |
        Temple |     52 |     36 |     16 |      0 |      0 |   1 |   52.0 |
         Abyss |    241 |    241 |      0 |    121 |      0 |   1 |  241.0 |
         Sewer |    260 |    260 |      0 |      0 |    169 |   1 |  260.0 |
               +--------+--------+--------+--------+--------+-----+--------+

Top non-repeatable levels by time:
     D:7: 1760 daAuts
     D:1: 1648 daAuts
     D:8: 1642 daAuts
     D:5: 1590 daAuts
     D:6: 1251 daAuts
     D:9: 1240 daAuts
     D:3: 1102 daAuts
     D:2: 1094 daAuts
     D:4: 1024 daAuts
   Sewer: 260 daAuts
 Abyss:2: 241 daAuts
  Temple: 52 daAuts
